 Dungeon Crawl Stone Soup version 0.31-a0-851-g7ff8af7976 (webtiles) character file.

Game seed: 5102460617644279573

137 arthad the Magician (level 5, -3/38 HPs)
             Began as a Djinni Hedge Wizard on Oct 7, 2023.
             Slain by Grinder (6 damage)
             ... on level 3 of the Dungeon.
             The game lasted 00:04:12 (2083 turns).

arthad the Magician (Djinni Hedge Wizard)           Turns: 2083, Time: 00:04:12

Health: -3/38      AC:  3    Str:  9    XL:     5   Next: 43%
Gold:   174        EV: 13    Int: 17    God:
                   SH:  0    Dex: 13

rFire   + + .        a - +0 dagger
rCold   x . .        (no shield)
rNeg    . . .        b - +0 robe
rPois   ∞            c - +0 hat
rElec   .            l - +0 cloak
rCorr   .            (no gloves)
SInv    .            (boots unavailable)
Will    .....        (no amulet)
Stlth   ++           (no ring)
HPRegen 0.26/turn    (no ring)
MPRegen 0.00/turn

%: infuse magic (-4 HP)
@: flying
A: sickness immunity, fire resistance 2, cold vulnerability 1, float, innate
caster, HP casting, extra vitality 1
a: no special abilities


You were on level 3 of the Dungeon.
You visited 1 branch of the dungeon, and saw 3 of its levels.

You collected 174 gold pieces.

Inventory:

Hand Weapons
 a - a +0 dagger (weapon)
Armour
 b - a +0 robe (worn)
 c - a +0 hat (worn)
 l - a +0 cloak (worn)
Magical Staves
 h - a staff of air
Scrolls
 g - a scroll of summoning
 i - 2 scrolls of teleportation
 j - 2 scrolls of fog
Potions
 f - a potion of mutation {unknown}
 k - 2 potions of haste {unknown}


   Skills:
 + Level 1.8 Fighting
 + Level 3.1 Dodging
 + Level 2.4 Stealth
 * Level 3.6 Spellcasting
 * Level 3.6 Conjurations
 * Level 3.6 Hexes
   Level 0.0 Charms
 * Level 3.6 Summonings
 * Level 3.6 Necromancy
 * Level 3.6 Translocations
 * Level 3.6 Transmutations
 * Level 3.6 Fire Magic
 * Level 3.6 Ice Magic
 * Level 3.6 Air Magic
 * Level 3.6 Earth Magic
 * Level 3.6 Poison Magic


You knew the following spells:

 Your Spells              Type           Power      Damage    Failure   Level
a - Magic Dart            Conj           60%        1d6       3%          1
b - Slow                  Hex            60%        N/A       3%          1
c - Blink                 Tloc           30%        N/A       5%          2
d - Call Imp              Summ           30%        N/A       5%          2
e - Mephitic Cloud        Conj/Pois/Air  15%        N/A       11%         3
f - Freeze                Ice            60%        1d7       3%          1
g - Static Discharge      Conj/Air       30%        2-4/arc   5%          2
Your spell library was empty.

Dungeon Overview and Level Annotations

Branches:
Dungeon (3/15)

Altars:
Fedhas

Shops:
D:2 [

Annotations:
D:3 Grinder


Innate Abilities, Weirdness & Mutations

You are immune to sickness and miasma.
You are immune to poison.
Your flesh is very heat resistant. (rF++)
You are vulnerable to cold. (rC-)
You float through the air rather than walking.
You learn spells naturally, not from books.
Your magical power is your life essence.
You have superior vitality. (+4 MHP)


Message History

Casting: Magic Dart (safe; 3% risk of failure)
Confirm with . or Enter, or press ? or * to list all spells.
Aiming: Freeze (safe; 3% risk of failure)
Press: ? - help, Shift-Dir - straight line, f/p - Grinder
Aim: Grinder (lightly wounded, ally target)
You freeze Grinder but do no damage.
Grinder completely resists.
Your cerulean imp hits Grinder but does no damage.
Grinder closely misses you.
Casting: Freeze (safe; 3% risk of failure)
Confirm with . or Enter, or press ? or * to list all spells.
Aiming: Freeze (safe; 3% risk of failure)
Press: ? - help, Shift-Dir - straight line, f/p - Grinder
Aim: Grinder (lightly wounded, ally target)
You freeze Grinder.
Grinder resists.
Grinder is moderately wounded.
Your cerulean imp barely misses Grinder.
Grinder completely misses you.
Casting: Freeze (safe; 3% risk of failure)
Confirm with . or Enter, or press ? or * to list all spells.
Aiming: Freeze (safe; 3% risk of failure)
Press: ? - help, Shift-Dir - straight line, f/p - Grinder
Aim: Grinder (moderately wounded, ally target)
You freeze Grinder but do no damage.
Grinder completely resists.
Your cerulean imp hits Grinder with a -3 spear.
Grinder hits you.
* * * LOW HITPOINT WARNING * * *
Casting: Freeze (safe; 3% risk of failure)
Confirm with . or Enter, or press ? or * to list all spells.
Aiming: Freeze (safe; 3% risk of failure)
Press: ? - help, Shift-Dir - straight line, f/p - Grinder
Aim: Grinder (moderately wounded, ally target)
You freeze Grinder.
Grinder resists.
Grinder is moderately wounded.
* * * LOW HITPOINT WARNING * * *
Your cerulean imp hits Grinder with a -3 spear.
Grinder hits you!
* * * LOW HITPOINT WARNING * * *
You writhe in agony.
You die...
Grinder says, "Now the real fun starts!"

........# ... ##......#
#.. #........ #..
#.##....# #... #.#......
#...####### #.#.....#
#......... #.#.....#
##.##..5.#######.#.....#
.......@5...............
..#######..#####.#.####.
##.# #.#.# #[ ###
########. #.... #####
#.... ##### #...


You could see Grinder (ally target) and a friendly cerulean imp (summoned).

Vanquished Creatures
  An orc wizard (D:3)
  5 adders
  2 worms (D:2)
  3 dart slugs
  4 orcs (D:3)
  5 endoplasms
  4 giant cockroaches
  4 goblins (D:1)
  4 hobgoblins
  3 quokkas
  6 ball pythons
  3 bats
  A frilled lizard (D:1)
  5 rats
50 creatures vanquished.

Notes
Turn   | Place    | Note
-------+----------+-------------------------------------------
     0 | D:1      | arthad the Djinni Hedge Wizard began the quest for the Orb.
     0 | D:1      | arthad set off with the following spells memorised: Magic
                  | Dart, Slow, Blink, Call Imp, Mephitic Cloud.
     0 | D:1      | Reached XP level 1. HP: 15/15 MP: 0/0
   162 | D:1      | Reached XP level 2. HP: 18/22 MP: 0/0
   334 | D:1      | Reached XP level 3. HP: 15/26 MP: 0/0
   334 | D:1      | Learned a level 1 spell: Freeze
   585 | D:1      | Reached skill level 1 in Fighting
  1000 | D:2      | Reached XP level 4. HP: 28/32 MP: 0/0
  1304 | D:2      | Found a blossoming altar of Fedhas.
  1354 | D:2      | Found Ezyipina's Antique Armour Shoppe.
  1871 | D:3      | Reached XP level 5. HP: 33/37 MP: 0/0
  1871 | D:3      | Learned a level 2 spell: Static Discharge
  2067 | D:3      | Noticed Grinder
  2069 | D:3      | Paralysed by Grinder for 2 turns
  2077 | D:3      | Paralysed by Grinder for 3 turns
  2083 | D:3      | Slain by Grinder

Illustrated notes

Levels and vault maps discovered:
D:1:      psy_arrival_heroes, layout_basic
D:2:      layout_basic, basic_altar, serial_shops, nicolae_square_shop
D:3:      layout_basic, nicolae_overflow_hidden_temple, gup_sewer_entry_bubbles,
          minmay_unequal, uniq_ijyb, uniq_crazy_yiuf_cottage, uniq_grinder

Skill      XL: |  1  2  3  4 |
---------------+-------------+-----
Spellcasting   | 3 |  3.6
Conjurations   | 3 |  3.6
Hexes          | 3 |  3.6
Summonings     | 3 |  3.6
Necromancy     | 3 |  3.6
Translocations | 3 |  3.6
Transmutations | 3 |  3.6
Fire Magic     | 3 |  3.6
Ice Magic      | 3 |  3.6
Air Magic      | 3 |  3.6
Earth Magic    | 3 |  3.6
Poison Magic   | 3 |  3.6
Fighting       | 1 |  1.8
Stealth        | 2 |  2.4
Dodging        | 3 |  3.1

Action                     |  1- 3 |  4- 6 || total
---------------------------+-------+-------++-------
   Cast: Magic Dart        |    77 |    84 ||   161
         Freeze            |     2 |    13 ||    15
         Slow              |       |     1 ||     1
         Call Imp          |       |     1 ||     1
    Use: Scroll            |       |     4 ||     4
 Armour: Robe              |     7 |    14 ||    21
  Dodge: Dodged            |     5 |     8 ||    13

Table legend: (Time is in decaauts)
 A = Elapsed time spent in this place.
 B = Non-inter-level travel time spent in this place.
 C = Inter-level travel time spent in this place.
 D = Time resting spent in this place.
 E = Time spent auto-exploring this place.
 F = Levels seen in this place.
 G = Mean time per level.
                   A        B        C        D        E       F      G
               +--------+--------+--------+--------+--------+-----+--------+
         Total |   2082 |   2040 |     42 |      0 |   1717 |   3 |  694.0 |
       Dungeon |   2082 |   2040 |     42 |      0 |   1717 |   3 |  694.0 |
               +--------+--------+--------+--------+--------+-----+--------+

Top non-repeatable levels by time:
     D:2: 973 daAuts
     D:1: 799 daAuts
     D:3: 309 daAuts
